 Dungeon Crawl Stone Soup version 0.32-a0-685-g93135e86f0 (webtiles) character file.

Game seed: 3167862625440525235

131622 jestert79 the Warrior (level 17, -12/142 HPs)
             Began as a Coglin Artificer on Mar 12, 2024.
             Was an Elder of Uskayaw.
             Mangled by a naga
             ... wielding a +0 glaive
              (20 damage)
             ... on level 4 of the Snake Pit.
             The game lasted 01:42:31 (35203 turns).

jestert79 the Warrior (Coglin Artificer)           Turns: 35203, Time: 01:42:32

Health: -12/142    AC: 23    Str: 15    XL:     17   Next: 10%
Magic:  24/24      EV: 21    Int: 16    God:    Uskayaw [****..]
Gold:   915        SH:  0    Dex: 22    Spells: 20/26 levels left

rFire   . . .        M - +3 long sword of Sin {freeze, rPois Will+}
rCold   + . .        e - +6 scimitar (flame) {Eanasir}
rNeg    . . .        N - +5 ring mail of Incorporation {rF- Dex+4 SInv}
rPois   +            u - +2 helmet {Int+3}
rElec   .            F - +2 cloak
rCorr   .            x - +1 pair of gloves
SInv    +            C - +2 pair of boots
Will    ++...        (amulet unavailable)
Stlth   +            (ring unavailable)
HPRegen 0.43/turn    (ring unavailable)
MPRegen 0.19/turn    E - emergency capacitor {AutoDazzle, rF+ rC+}

%: no passive effects
@: lethally poisoned (-12 -> -15), slowed, revved, very slow
A: off-hand wielding, slow wielding, warmup strikes, no jewellery
a: Renounce Religion, Stomp, Line Pass


You were on level 4 of the Snake Pit.
You worshipped Uskayaw.
Uskayaw was noncommittal.
You visited 5 branches of the dungeon, and saw 27 of its levels.
You also visited: Gauntlet.

You collected 2309 gold pieces.
You spent 1394 gold pieces at shops.

Inventory:

Hand Weapons
 e - a +6 scimitar of flaming (offhand) {Eanasir}
 M - the +3 long sword of Sin (weapon) {freeze, rPois Will+}
   (You found it in a Gauntlet)

   rPois:     It protects you from poison.
   Will+:     It increases your willpower.
Missiles
 n - 3 throwing nets
 o - 19 poisoned darts (quivered)
 H - 4 silver javelins
Armour
 u - a +2 helmet of intelligence (worn)
 x - a +1 pair of gloves (worn)
 A - the +2 robe of Jolyti {rPois rC++ Dex+6}
   (You found it on level 7 of the Dungeon)

   Dex+6:     It affects your dexterity (+6).
   rC++:      It greatly protects you from cold.
   rPois:     It protects you from poison.
 C - a +2 pair of boots (worn)
 F - a +2 cloak (worn)
 N - the +5 ring mail of Incorporation (worn) {rF- Dex+4 SInv}
   (You found it in a Gauntlet)

   Dex+4:     It affects your dexterity (+4).
   rF-:       It makes you vulnerable to fire.
   SInv:      It lets you see invisible.
Gizmo
 E - an emergency capacitor (installed) {AutoDazzle, rF+ rC+}
   (You invented it yourself on level 5 of the Lair of Beasts)

   [emergency capacitor]

   AutoDazzle: It sometimes fires a blinding ray at enemies whose attacks you
   dodge.
   rF+:       It protects you from fire.
   rC+:       It protects you from cold.
Wands
 c - a wand of flame (5)
 I - a wand of quicksilver (6)
 L - a wand of mindburst (6)
Scrolls
 i - 9 scrolls of teleportation
 j - a scroll of blinking
 q - a scroll of fear
 r - 2 scrolls of immolation
 t - 5 scrolls of fog
 w - 2 scrolls of enchant armour
 y - 3 scrolls of amnesia
 z - a scroll of vulnerability
 D - 6 scrolls of identify
 G - 2 scrolls of silence
 O - a scroll of poison
 P - a scroll of revelation
Potions
 a - 6 potions of attraction
 b - 5 potions of lignification
 f - 3 potions of ambrosia
 g - 4 potions of haste
 h - 6 potions of curing
 k - 2 potions of magic
 m - 2 potions of heal wounds
 p - a potion of cancellation
 s - 5 potions of brilliance
 v - 4 potions of mutation
 B - a potion of enlightenment
 Q - 2 potions of resistance
Miscellaneous
 l - a lightning rod (4/4)
 J - a condenser vane
 K - a phial of floods


   Skills:
 + Level 15.6 Fighting
 - Level 11.4(13.1) Short Blades
 - Level 11.7(14.0) Long Blades
 - Level 1.0 Maces & Flails
 - Level 5.0 Armour
 + Level 14.4 Dodging
 - Level 0.7 Stealth
 - Level 5.0 Spellcasting
 - Level 8.7 Necromancy
 - Level 9.2 Evocations


You had 20 spell levels left.
You knew the following spells:

 Your Spells              Type           Power      Damage    Failure   Level
a - Death Channel         Necr           15%        N/A       77%         6

Your spell library contained the following spells:

 Spells                   Type           Power      Damage    Failure   Level
 Fugue of the Fallen      Necr           31%        N/A       2%          3
 Animate Dead             Necr           31%        N/A       8%          4
 Curse of Agony           Necr           31%        N/A       22%         5
 Magic Dart               Conj           16%        1d3       28%         1
 Summon Small Mammal      Summ           16%        N/A       28%         1
 Ensorcelled Hibernation  Hex/Ice        8%         N/A       38%         2
 Searing Ray              Conj           8%         2d4       38%         2
 Static Discharge         Conj/Air       8%         3-4/arc   38%         2
 Anguish                  Hex/Necr       8%         N/A       43%         4
 Call Canine Familiar     Summ           4%         N/A       63%         3
 Dazzling Flash           Conj/Hex       8%         N/A       63%         3
 Mephitic Cloud           Conj/Alch/Air  4%         N/A       63%         3
 Summon Ice Beast         Ice/Summ       4%         N/A       63%         3
 Tukima's Dance           Hex            4%         N/A       63%         3
 Volatile Blastmotes      Fire/Tloc      8%         2d10      63%         3
 Borgnjor's Vile Clutch   Necr/Erth      8%         N/A       78%         5
 Airstrike                Air            2%         2d(1-17)  95%         4
 Fulminant Prism          Conj/Alch      2%         3d5       95%         4
 Iskenderun's Mystic Bla  Conj/Tloc      4%         2d3       95%         4
 Leda's Liquefaction      Alch/Erth      2%         N/A       95%         4
 Passage of Golubria      Tloc           4%         N/A       95%         4
 Petrify                  Alch/Erth      4%         N/A       95%         4
 Summon Blazeheart Golem  Fire/Summ      4%         N/A       95%         4
 Summon Lightning Spire   Summ/Air       4%         N/A       95%         4
 Vhi's Electric Charge    Tloc/Air       8%         N/A       95%         4
 Alistair's Intoxication  Alch           2%         N/A       100%        5
 Arcjolt                  Conj/Air       2%         1d12      100%        5
 Metabolic Englaciation   Hex/Ice        2%         N/A       100%        5
 Silence                  Hex/Air        2%         N/A       100%        5
 Summon Mana Viper        Hex/Summ       4%         N/A       100%        5
 Yara's Violent Unravell  Hex/Alch       2%         3d3       100%        5
 Eringya's Noxious Bog    Alch           2%         4d6       100%        6
 Monstrous Menagerie      Summ           2%         N/A       100%        7
 Maxwell's Capacitive Co  Air            2%         ∞         100%        8


Dungeon Overview and Level Annotations

Branches:
Dungeon (15/15)            Temple (1/1) D:4            Lair (5/5) D:11
 Shoals (0/4) Lair:2        Snake (4/4) Lair:2        Slime (0/5) Lair:4
    Orc (2/2) D:10            Elf (0/3) Orc:2        Vaults (0/5) D:13
 Depths (0/4) D:15        Gauntlet (visited)

Altars:
Ashenzari
Cheibriados
Dithmenos
Elyvilon
Fedhas
Gozag
Hepliaklqana
Kikubaaqudgha
Makhleb
Nemelex Xobeh
Okawaru
Qazlal
Ru
Sif Muna
Trog
Uskayaw
Vehumet
Wu Jian
Xom
Yredelemnul
Zin
The Shining One
Jiyva

Shops:
D:1 [   D:4 [   D:7 *   D:10 =   D:11 !   D:15 [   Orc:2 (:(   Snake:1 :
Snake:2 =   Snake:4 !

Annotations:
D:6 3 runed translucent doors, LobsterGuardian's ghost, novice OpSh
D:9 2 transporters, exclusion: door
Lair:1 1 runed translucent door, Xocasifu's ghost, journeyman CoGl
Lair:4 1 runed translucent door
Snake:1 Roxanne


Innate Abilities, Weirdness & Mutations

You can wield a second weapon in your off-hand.
It takes a long time for you to wield or remove held weapons.
Your first few attacks do less damage.
You cannot equip rings or amulets.


Message History

The splash of poison hits you but does no damage.
You resist. The salamander mystic misses you. The naga misses you.
The naga closely misses you.
Uskayaw will force your foes to helplessly watch your dance.
Uskayaw prepares the audience for your solo!
The helpless salamander mystic fails to defend itself.
You hit the salamander mystic with your +6 scimitar of flaming.
The salamander mystic is lightly wounded.
The helpless salamander mystic fails to defend itself.
You hit the salamander mystic but do no damage.
You feel very sick.
Unknown command.
The helpless naga mage fails to defend itself.
You slash the naga mage with your +6 scimitar of flaming!
You burn the naga mage.
The naga mage is almost dead.
The helpless naga mage fails to defend itself.
You slash the naga mage with the +3 long sword of Sin!
You freeze the naga mage.
You kill the naga mage!
You feel sick.
The salamander mystic is no longer paralysed.
The naga is no longer paralysed.
The salamander mystic completely misses you.
The naga misses you.
Uskayaw will force your foes to share their pain.
Uskayaw links your audience in an emotional bond!
You barely miss the salamander mystic with the +3 long sword of Sin.
The salamander mystic is lightly wounded.
You slash the salamander mystic with your +6 scimitar of flaming!
You feel sick.
The salamander mystic hits you with a +2 dagger of flaming!
* * * LOW HITPOINT WARNING * * *
You are engulfed in flames!
* * * LOW HITPOINT WARNING * * *
The salamander mystic burns you.
* * * LOW HITPOINT WARNING * * *
The naga hits you with a +0 glaive!!
You die...
Your body falls in perfect tune with the rhythm.

.'..............#)...N...
##....###......##........
#.....#.'##....##........
#.....#...+.....#......
#.....#####....##.....
##..............#...# ...
.#.............##..##....
.#.##...##..#..#N........
.###############@........
...............N)........
....................###..
#.............##...## .
#......##.....###..+
##.....##......##..#
#.....###.....##...#
#.... ..
##...........(........
...# ##.ß
...........###########
..ß##....


You could see a salamander mystic (pain bonded) and a naga (pain bonded).

Vanquished Creatures
  Vashnia (Snake:2)
  Jorgrun (Snake:2)
  Aizul (Snake:2)
  A nagaraja (Snake:4)
  A dire elephant (Gauntlet)
  A minotaur (Gauntlet)
  A fire dragon (Lair:5)
  An ettin (D:15)
  A salamander tyrant (Snake:3)
  7 hydras
  3 boulder beetles
  14 anacondas
  Erica (D:10)
  3 centaur warriors
  An ogre mage (D:15)
  4 death yaks (Lair:4)
  A tengu warrior (D:15)
  3 two-headed ogres
  6 shock serpents
  4 naga warriors
  8 naga sharpshooters
  2 orc high priests (Orc:2)
  2 salamander mystics
  A skyshark (Lair:2)
  A deep troll (D:15)
  11 naga ritualists
  9 mana vipers
  3 orc knights
  A lindwurm (Lair:5)
  2 deep elf pyromancers
  Pikel (D:5)
  A necromancer (D:15)
  An oklob plant (Gauntlet)
  3 manticores
  10 salamanders
  9 ugly things
  6 orc sorcerers
  17 elephants
  3 meliai (D:15)
  9 cyclopes
  An ice statue (Gauntlet)
  10 naga magi
  40 black mambas
  A gargoyle (D:11)
  3 guardian serpents
  2 molten gargoyles (Lair:5)
  Maggie (Lair:2)
  12 cane toads
  An efreet (D:15)
  2 rime drakes
  A freezing wraith (D:15)
  A tengu conjurer (D:15)
  8 komodo dragons
  5 trolls
  A hornet (D:10)
  Prince Ribbit (D:9)
  8 blink frogs
  Grinder (D:3)
  9 slime creatures (D:13)
  4 shadows
  2 vampires
  4 wraiths
  39 yaks
  5 wyverns
  3 steam dragons
  Menkaure (D:5)
  6 basilisks
  2 acid dragons
  5 hell hounds (Lair:5)
  16 nagas
  15 water moccasins
  3 black bears
  19 orc warriors
  2 laughing skulls (D:13)
  2 sky beasts
  8 ice beasts
  8 ogres
  5 boggarts (D:14)
  4 phantoms
  5 centaurs
  23 wolves
  2 lemures
  A scorpion (D:7)
  6 bullfrogs
  5 wights
  4 killer bees (D:8)
  A troll zombie (D:10)
  2 electric eels
  6 howler monkeys
  5 lava snakes (Lair:5)
  4 hounds
  A bombardier beetle (D:4)
  2 jellies
  20 orc priests
  3 sleepcaps
  3 iguanas
  33 orc wizards
  2 hell rats (Lair:4)
  7 ogre zombies (D:10)
  9 river rats (Lair:4)
  7 adders
  A gnoll (D:1)
  2 shadow imps
  2 white imps
  4 ufetubi (D:6)
  3 dart slugs
  3 ribbon worms
  63 orcs
  4 bats
  8 endoplasms
  4 giant cockroaches
  4 gnoll zombies (D:10)
  5 goblins
  3 hobgoblins
  4 jackals
  A quokka (D:2)
  11 ball pythons
  2 frilled lizards
  3 gnoll skeletons (D:10)
  5 kobolds
  An orc skeleton (D:10)
  17 orc zombies (D:10)
  11 rats
729 creatures vanquished.

Vanquished Creatures (collateral kills)
  An ugly thing (D:14)
  A yak (D:6)
  A phantom (D:5)
  2 wights (D:7)
  2 orcs (Orc:2)
7 creatures vanquished.

Vanquished Creatures (others)
  A shock serpent (Snake:2)
  2 ugly things (D:14)
  A troll (D:15)
  3 yaks
  Grum (D:8)
  2 orc warriors (Orc:2)
  A black bear (D:5)
  2 orc wizards
  An orc (Orc:2)
14 creatures vanquished.

Grand Total: 750 creatures vanquished

Notes
Turn   | Place    | Note
-------+----------+-------------------------------------------
     0 | D:1      | jestert79 the Coglin Artificer began the quest for the Orb.
     0 | D:1      | Reached XP level 1. HP: 15/15 MP: 1/1
   200 | D:1      | Reached skill level 1 in Maces & Flails
   379 | D:1      | Reached XP level 2. HP: 21/21 MP: 2/2
   458 | D:1      | Found Qonosch's Armour Shop.
   492 | D:1      | Reached skill level 1 in Short Blades
   549 | D:1      | Reached XP level 3. HP: 26/26 MP: 3/3
  1429 | D:2      | Reached XP level 4. HP: 32/32 MP: 4/4
  2027 | D:3      | Found a broken altar of Ashenzari.
  2279 | D:3      | Found a blossoming altar of Fedhas.
  2414 | D:3      | Noticed Grinder
  2428 | D:3      | Killed Grinder
  2429 | D:3      | Reached skill level 5 in Short Blades
  2429 | D:3      | Reached XP level 5. HP: 27/37 MP: 5/5
  2429 | D:3      | Reached XP level 6. HP: 32/43 MP: 6/6
  2927 | D:4      | Found a staircase to the Ecumenical Temple.
  3517 | D:4      | Found Onor Heimuqi's Antique Armour Shoppe.
  4231 | D:5      | Entered Level 5 of the Dungeon
  4231 | D:5      | Noticed a black bear
  4250 | D:5      | Reached XP level 7. HP: 41/48 MP: 7/7
  4320 | D:4      | Bought a glowing hat for 189 gold pieces
  4366 | D:5      | Noticed Pikel
  4409 | Temple   | Entered the Ecumenical Temple
  4415 | Temple   | Became a worshipper of Uskayaw the Reveller
  4448 | D:4      | Reached * piety under Uskayaw
  4495 | D:5      | Reached ** piety under Uskayaw
  4501 | D:5      | Reached *** piety under Uskayaw
  4506 | D:5      | Reached **** piety under Uskayaw
  4516 | D:5      | Reached ***** piety under Uskayaw
  4711 | D:5      | Reached XP level 8. HP: 54/54 MP: 8/8
  4814 | D:5      | Killed Pikel
  4950 | D:5      | Found a burning altar of Makhleb.
  5029 | D:5      | Noticed Menkaure
  5034 | D:5      | Killed Menkaure
  5352 | D:6      | Reached skill level 10 in Short Blades
  5352 | D:6      | Reached XP level 9. HP: 59/59 MP: 9/9
  5466 | D:6      | Found a shimmering altar of Xom.
  5598 | D:6      | Found a white marble altar of Elyvilon.
  5629 | D:6      | Found a runed translucent gate.
  5632 | D:6      | Found a runed translucent gate.
  5633 | D:6      | Found a runed translucent gate.
  5634 | D:6      | Noticed LobsterGuardian's ghost (novice OpSh)
  5790 | D:6      | Found a sacrificial altar of Ru.
  6150 | D:7      | Reached skill level 1 in Dodging
  6151 | D:7      | Reached skill level 1 in Long Blades
  6448 | D:7      | Identified the +2 robe of Jolyti {rPois rC++ Dex+6}
  6753 | D:7      | Reached skill level 2 in Fighting
  6940 | D:7      | Found Siobagumue's Assorted Antiques.
  6978 | D:7      | Found a stormy altar of Qazlal.
  7246 | D:8      | Found a radiant altar of Vehumet.
  7270 | D:8      | Reached XP level 10. HP: 69/69 MP: 10/10
  7294 | D:8      | Reached skill level 3 in Fighting
  7728 | D:8      | Noticed Grum
  7734 | D:8      | Your ally Grum died
  7776 | D:8      | Found a glowing golden altar of the Shining One.
  7819 | D:8      | Reached skill level 5 in Long Blades
  8522 | D:7      | Bought a glowing helmet for 157 gold pieces
  8646 | D:9      | Found a transporter.
  8762 | D:9      | Noticed Prince Ribbit
  8773 | D:9      | Killed Prince Ribbit
  8774 | D:9      | Reached skill level 4 in Fighting
  8933 | D:9      | Noticed a two-headed ogre
  8940 | D:9      | Killed a two-headed ogre
  9141 | D:9      | Found a transporter.
  9219 | D:9      | Found a snail-covered altar of Cheibriados.
  9338 | D:9      | Reached skill level 5 in Fighting
  9731 | D:10     | Entered Level 10 of the Dungeon
  9748 | D:10     | Found a staircase to the Orcish Mines.
  9748 | D:10     | Noticed Erica
  9778 | D:10     | Reached XP level 11. HP: 77/80 MP: 11/11
  9940 | D:10     | Reached skill level 5 in Dodging
  9994 | D:10     | Killed Erica
 10435 | D:10     | Found an ornate altar of the Wu Jian Council.
 10769 | D:10     | Found Xithriu's One-of-a-Kind Rings.
 10855 | D:10     | Found a shadowy altar of Dithmenos.
 11307 | D:10     | Reached skill level 6 in Fighting
 12010 | D:11     | Noticed a cyclops
 12018 | D:11     | Killed a cyclops
 12135 | D:11     | Noticed a manticore
 12144 | D:11     | Killed a manticore
 12294 | D:11     | Noticed a cyclops
 12314 | D:11     | Killed a cyclops
 12337 | D:11     | Found a staircase to the Lair.
 12468 | D:11     | Noticed a cyclops
 12488 | D:11     | Found Qiozymoss's Distillery.
 12496 | D:11     | Bought a potion of degeneration for 14 gold pieces
 12513 | D:11     | Noticed a cyclops
 12522 | D:11     | Killed a cyclops
 12873 | D:11     | Killed a cyclops
 12874 | D:11     | Reached skill level 7 in Fighting
 13037 | Lair:1   | Entered Level 1 of the Lair of Beasts
 13257 | D:1      | Bought a +0 pair of boots for 63 gold pieces
 13508 | Lair:1   | Reached skill level 10 in Long Blades
 13574 | Lair:1   | Reached XP level 12. HP: 78/91 MP: 12/12
 13758 | Lair:1   | Reached ****** piety under Uskayaw
 14253 | Lair:1   | Found a runed translucent door.
 14254 | Lair:1   | Noticed Xocasifu's ghost (journeyman CoGl)
 14583 | Lair:2   | Found a staircase to the Snake Pit.
 14587 | Lair:2   | Noticed a skyshark
 14595 | Lair:2   | Killed a skyshark
 14598 | Lair:2   | Reached skill level 8 in Fighting
 14841 | Lair:2   | Found a staircase to the Shoals.
 15126 | Lair:2   | Noticed a boulder beetle
 15140 | Lair:2   | Killed a boulder beetle
 15292 | Lair:2   | Noticed Maggie
 15301 | Lair:2   | Killed Maggie
 15762 | Lair:3   | Reached skill level 9 in Fighting
 15841 | Lair:3   | Reached XP level 13. HP: 91/101 MP: 13/13
 16666 | Lair:4   | Noticed an azure jelly
 16666 | Lair:4   | Noticed an azure jelly
 16666 | Lair:4   | Noticed an azure jelly
 16666 | Lair:4   | Found a runed translucent door.
 16666 | Lair:4   | Found a viscous altar of Jiyva.
 16666 | Lair:4   | Found a staircase to the Slime Pits.
 16912 | Lair:4   | Reached skill level 10 in Fighting
 17634 | Lair:5   | Entered Level 5 of the Lair of Beasts
 17745 | Lair:5   | Reached skill level 10 in Dodging
 17984 | Lair:5   | Reached skill level 11 in Fighting
 18292 | Lair:5   | Reached skill level 5 in Evocations
 18718 | Lair:5   | Reached XP level 14. HP: 106/114 MP: 14/14
 19288 | Lair:5   | Reached skill level 12 in Fighting
 19415 | Lair:5   | Acquired an emergency capacitor {AutoDazzle, rF+ rC+}
 19446 | Lair:5   | Found a large runed translucent door.
 19450 | Lair:5   | Found a large runed translucent door.
 20145 | Orc:1    | Entered Level 1 of the Orcish Mines
 20354 | Orc:2    | Entered Level 2 of the Orcish Mines
 20548 | Orc:2    | Found a staircase to the Elven Halls.
 21608 | Orc:2    | Paralysed by an orc sorcerer for 4 turns
 21632 | Orc:2    | Found Kaaf's Antique Weapon Boutique.
 21632 | Orc:2    | Found Pinekeuf's Weapon Shop.
 21636 | Orc:2    | Found Ibyox's Weapon Boutique.
 21636 | Orc:2    | Found Zugal's Book Shop.
 21668 | Orc:2    | Bought a book of Unlife for 432 gold pieces
 21675 | Orc:2    | Learned a level 6 spell: Death Channel
 21853 | D:12     | Found a gate leading to a gauntlet.
 21860 | D:12     | Reached skill level 1 in Necromancy
 21864 | Gauntlet | Entered a Gauntlet
 21864 | Gauntlet | Found a transporter.
 21864 | Gauntlet | Found a transporter.
 21877 | Gauntlet | Found a transporter.
 21877 | Gauntlet | Found a transporter.
 21886 | Gauntlet | Found a transporter.
 21888 | Gauntlet | Found a transporter.
 21891 | Gauntlet | Noticed a dire elephant
 21896 | Gauntlet | Found a transporter.
 21914 | Gauntlet | Found a transporter.
 21920 | Gauntlet | Found a transporter.
 21922 | Gauntlet | Found a transporter.
 21933 | Gauntlet | Found a transporter.
 21949 | Gauntlet | Found a transporter.
 22148 | Gauntlet | Killed a dire elephant
 22149 | Gauntlet | Reached skill level 1 in Spellcasting
 22356 | Gauntlet | Identified the +6 chain mail of the Thistle {rPois rCorr
                  | Str+5 Int-4}
 22356 | Gauntlet | Identified the amulet "Boush" {Regen+ Str+3 Dex+5}
 22628 | Gauntlet | Identified the +3 long sword of Sin {freeze, rPois Will+}
 22628 | Gauntlet | Identified the +5 ring mail of Incorporation {rF- Dex+4
                  | SInv}
 23822 | D:13     | Found Wemug's Magic Scroll Shop.
 23842 | D:13     | Reached XP level 15. HP: 122/122 MP: 18/18
 23847 | D:13     | Reached skill level 13 in Fighting
 23983 | D:13     | Found a gate to the Vaults.
 24892 | D:14     | Reached skill level 5 in Necromancy
 25834 | D:15     | Entered Level 15 of the Dungeon
 26158 | D:15     | Found a glowing silver altar of Zin.
 26319 | D:15     | Found Iwkorph's Armour Boutique.
 26349 | D:15     | Bought a +2 cloak for 214 gold pieces
 26752 | D:15     | Found a staircase to the Depths.
 27359 | Snake:1  | Entered Level 1 of the Snake Pit
 28208 | Snake:1  | Found Cadwaxti's Book Boutique.
 29110 | Snake:1  | Noticed Roxanne
 29639 | Snake:2  | Identified the serpent talisman of the Buccaneer {Will-
                  | rCorr Int-3 Dex+8}
 29639 | Snake:2  | Noticed Aizul
 29643 | Snake:2  | Reached XP level 16. HP: 127/132 MP: 23/23
 29653 | Snake:2  | Killed Aizul
 30129 | Snake:2  | Reached skill level 5 in Spellcasting
 30134 | Snake:2  | Noticed Jorgrun
 30146 | Snake:2  | Killed Jorgrun
 30147 | Snake:2  | Reached skill level 14 in Fighting
 30344 | Snake:2  | HP: 5/133 [poisoned by a black mamba]
 30949 | Snake:2  | Noticed Vashnia
 31763 | Snake:2  | Found Gaycvuih's Jewellery Emporium.
 32000 | Snake:2  | Reached skill level 5 in Armour
 32202 | Snake:2  | Killed Vashnia
 33566 | Snake:3  | Reached skill level 15 in Fighting
 33654 | Snake:3  | Identified the +0 chain mail of Ethics {-Tele rPois Int+5}
 34150 | Snake:4  | Entered Level 4 of the Snake Pit
 34150 | Snake:4  | Noticed a nagaraja
 34156 | Snake:4  | Killed a nagaraja
 34249 | Snake:4  | Found Deinop's Distillery.
 34257 | Snake:4  | Bought a potion of enlightenment for 65 gold pieces
 34257 | Snake:4  | Bought 2 potions of resistance for 260 gold pieces
 34434 | Snake:4  | Reached XP level 17. HP: 115/142 MP: 24/24
 35203 | Snake:4  | Mangled by a naga

Illustrated notes

Levels and vault maps discovered:
D:1:      dpeg_arrival_short_road, layout_basic, serial_shops, shop,
          amethyst_killhole
D:2:      kennysheep_six_static_rooms, layout_basic
D:3:      layout_loops_ring, nicolae_ashenzari_skybound, fedhas_altar_1,
          st_stairs_10, minivault_24, uniq_grinder
D:4:      nicolae_cairo_tiling, layout_layer_cave, serial_shops, shop
D:5:      layout_rooms, lightli_temple_of_fire, uniq_pikel, uniq_menkaure
D:6:      layout_loops_ring, mainiacjoe_overflow_big_doors,
          nicolae_ru_sacrificial_ziggurat, gammafunk_ghost_necromancy
D:7:      layout_rooms, nicolae_qazlal_eye_of_the_storm, serial_shops, shop
D:8:      layout_gridville, nicolae_tso_swordbearing_angel, fiery_altar_vehumet,
          uniq_grum
D:9:      gammafunk_steamed_eel, layout_long_grid, kennysheep_slug_shrine,
          serial_co_window_serial, co_window_corner_a, co_window_corner_a,
          co_window_paths_b, co_window_paths_a, co_window_of_opportunity_a,
          co_window_paths_a, co_window_corner_a, co_window_unsneaky_path_a,
          co_window_corner_b, co_window_corner_b, co_window_2corner,
          co_window_corner_b, co_window_corner_cb, glass_columns_a,
          glass_columns_a, hangedman_incinerator, uniq_prince_ribbit1
D:10:     layout_gridville, mainiacjoe_overflow_paths, grunt_dithmenos_shadows,
          zombieorc2_lemuel, nicolae_shop_unique_rings, uniq_erica
D:11:     layout_irregular_city, hellmonk_lair_entry_icy, serial_shops,
          nicolae_shop_just_a_little_nook, library_closet
D:12:     layout_basic, gauntlet_entry_generic
D:13:     layout_rooms, hellmonk_vaults_attempted_burglary, serial_shops,
          nicolae_shop_crystal
D:14:     layout_loops_ring, infiniplex_staircase_diamond,
          minmay_misc_feat_diagonals
D:15:     hangedman_depths_entry_civil_slaughter, layout_cave_pools,
          serial_park, serial_park_square1 [serial_park_minivault_5x5_1],
          serial_park_square1 [serial_park_minivault_5x5_2], serial_park_tiny_2,
          serial_shops, shop, palyth_stone_intersect, zin_academy
Temple:   eino_wide_crystal_templ
Lair:1:   layout_roguey, ebering_ghost_inner_flame, serial_bayou_crossing,
          serial_bayou_shore_a, infiniplex_staircase_pool_2
Lair:2:   layout_hall_layers, elwin_shoals_entry_rocks,
          guppyfry_snake_entry_garden, eino_small_chamber_without_monster,
          uniq_maggie
Lair:3:   layout_regular_city, minmay_hedge_maze, nicolae_lair_lil_pond,
          serial_bayou_shore_b
Lair:4:   layout_cave_shapes, slime_entry_2, kennysheep_rathole,
          grunt_megastairs_4
Lair:5:   cheibrodos_lair_end_hotspot, layout_regular_city, lemuel_fruit_fields
Snake:1:  layout_chambers, serial_shops, nicolae_shop_stone, uniq_roxanne
Snake:2:  layout_grid_shapes, serial_shops, shop_statue,
          nicolae_elevator_lobby_asterisk, uniq_vashnia, uniq_aizul,
          uniq_jorgrun
Snake:3:  layout_cave_town
Snake:4:  hellmonk_snake_rune_quicksilver_temple, layout_cave_town,
          serial_shops, nicolae_shop_gibbet_a_chance
Orc:1:    dreamdust_wu_jian_sword_trials, layout_diamond_mine
Orc:2:    st_orc_mages, layout_caves, special_room, minmay_orc_barracks

Skill      XL: |  1  2  3  4  5  6  7  8  9 10 11 12 13 14 15 16 |
---------------+-------------------------------------------------+-----
Maces & Flails | 1 |  1.0
Short Blades   | 1 2 5 6 7 10 11 | 11.4
Dodging        | 2 4 6 8 10 11 12 14 | 14.4
Long Blades    | 3 7 10 11 | 11.7
Fighting       | 2 5 7 9 11 12 13 15 | 15.6
Evocations     | 6 9 |  9.2
Necromancy     | 4 7 8 |  8.7
Spellcasting   | 2 4 5 |  5.0
Armour         | 3 5 |  5.0
Stealth        | |  0.7

Action                     |  1- 3 |  4- 6 |  7- 9 | 10-12 | 13-15 | 16-18 || total
---------------------------+-------+-------+-------+-------+-------+-------++-------
  Melee: Club              |    14 |       |       |       |       |       ||    14
         Dagger            |   111 |   250 |   481 |       |       |       ||   842
         Falchion          |       |       |    72 |   574 |   482 |       ||  1128
         Long sword        |       |       |       |   117 |   309 |   291 ||   717
         Scimitar          |       |       |       |   232 |   855 |   287 ||  1374
  Throw: Throwing net      |       |       |       |     2 |       |       ||     2
         Dart              |       |       |       |    12 |    18 |    16 ||    46
Ability: Invent Gizmo      |       |       |       |       |     1 |       ||     1
  Evoke: Wand              |       |     5 |    33 |    10 |    24 |     9 ||    81
         Condenser vane    |       |       |       |       |     1 |       ||     1
         Lightning rod     |       |       |       |       |       |     1 ||     1
         Phial of floods   |       |       |       |       |       |     1 ||     1
    Use: Scroll            |       |     7 |     7 |     9 |     9 |     6 ||    38
         Potion            |       |       |       |     2 |     5 |     8 ||    15
   Stab: Sleeping          |     7 |     6 |     2 |     5 |     5 |     2 ||    27
         Paralysed         |       |       |     3 |    37 |    68 |    34 ||   142
         Held in net/web   |       |       |       |     4 |       |       ||     4
         Invisible         |       |       |       |       |    21 |    14 ||    35
         Distracted        |       |       |       |       |     2 |       ||     2
 Armour: Leather armour    |    31 |    55 |    94 |       |       |       ||   180
         Robe              |       |       |    20 |   253 |   350 |       ||   623
         Skin              |       |       |       |       |    46 |       ||    46
         Ring mail         |       |       |       |       |    54 |   254 ||   308
  Dodge: Dodged            |    47 |    48 |    97 |   306 |   583 |   237 ||  1318

Table legend: (Time is in decaauts)
 A = Elapsed time spent in this place.
 B = Non-inter-level travel time spent in this place.
 C = Inter-level travel time spent in this place.
 D = Time resting spent in this place.
 E = Time spent auto-exploring this place.
 F = Levels seen in this place.
 G = Mean time per level.
                   A        B        C        D        E       F      G
               +--------+--------+--------+--------+--------+-----+--------+
         Total |  34632 |  31778 |   2854 |   9603 |  14990 |  28 | 1236.9 |
       Dungeon |  18117 |  16175 |   1942 |   3753 |   9304 |  15 | 1207.8 |
        Temple |     12 |      6 |      6 |      0 |      0 |   1 |   12.0 |
          Lair |   6866 |   6327 |    539 |   1777 |   3096 |   5 | 1373.2 |
     Snake Pit |   7277 |   7014 |    263 |   3184 |   2140 |   4 | 1819.2 |
  Orcish Mines |   1592 |   1490 |    102 |    469 |    322 |   2 |  796.0 |
      Gauntlet |    765 |    765 |      0 |    419 |    128 |   1 |  765.0 |
               +--------+--------+--------+--------+--------+-----+--------+

Top non-repeatable levels by time:
 Snake:2: 2842 daAuts
 Snake:1: 2419 daAuts
  Lair:5: 2041 daAuts
    D:10: 1913 daAuts
  Lair:2: 1477 daAuts
     D:9: 1468 daAuts
    D:11: 1451 daAuts
     D:4: 1409 daAuts
    D:15: 1383 daAuts
     D:8: 1349 daAuts
    D:14: 1261 daAuts
  Lair:4: 1215 daAuts
  Lair:1: 1178 daAuts
     D:6: 1121 daAuts
     D:3: 1104 daAuts
